 Dungeon Crawl Stone Soup version 0.24.0-13-gcf9b3192b9 (webtiles) character file.

Game seed: 10274233973780496343, levelgen mode: deterministic

321250 arkorax the Impaler (level 21, -7/468 HPs)
             Began as a Naga Wanderer on Nov 8, 2019.
             Was a High Priest of Makhleb.
             Killed by divine providence
             ... invoked by a balrug
             ... summoned by the player character
              (14 damage)
             ... on level 4 of the Vaults.
             The game lasted 01:43:29 (47703 turns).

arkorax the Impaler (Naga Wanderer)                Turns: 47703, Time: 01:43:30

Health: -7/468     AC: 30    Str: 23      XL:     21   Next: 52%
Magic:  32/32      EV:  1    Int: 19 (20) God:    Makhleb [*****.]
Gold:   155        SH: 34    Dex: 14      Spells: 18/24 levels left

rFire    . . .     SeeInvis +   Y - +2 broad axe (vamp)
rCold    + . .     Gourm    .   p - +8 large shield of Hahofaiw {rPois rCorr Int+4}
rNeg     + + +     Faith    .   (armour currently unavailable)
rPois    +         Spirit   .   (helmet currently unavailable)
rElec    +         Reflect  +   (cloak currently unavailable)
rCorr    +         Harm     .   (gloves currently unavailable)
MR       +++..     NoTele   +   (no barding)
Stlth    ..........             k - brooch of Shielding {Reflect SH+8}
HPRegen  0.88/turn              X - ring of protection from magic
MPRegen  0.23/turn              J - ring "Sediklol" {rElec rC+ rN+ rCorr}

@: berserking, tree-form, studying Stealth, heavily drained, very quick
A: large, see invisible, slow metabolism 1, spit poison 1, AC +7
}: 2/15 runes: barnacled, gossamer
a: Spit Poison, Minor Destruction, Lesser Servant of Makhleb, Major Destruction,
Greater Servant of Makhleb, Renounce Religion


You were on level 4 of the Vaults.
You worshipped Makhleb.
Makhleb was extremely pleased with you.
You were not hungry.
You were a tree.
You visited 7 branches of the dungeon, and saw 36 of its levels.
You also visited: Ice Cave.

You collected 3407 gold pieces.
You spent 3252 gold pieces at shops.

Inventory:

Hand Weapons
 Y - a +2 vampiric broad axe (weapon)
Missiles
 b - 7 curare-tipped darts
 n - 91 poisoned darts
 O - 3 atropa-tipped darts
 Q - 8 throwing nets (quivered)
Armour
 c - the +7 plate armour of Fun (melded) {+Inv rF++ Dex-5 SInv}
   (You bought it in a shop on level 2 of the Orcish Mines)

   It affects your dexterity (-5).
   It greatly protects you from fire.
   It lets you see invisible.
   It lets you turn invisible.
 j - a +0 cloak (melded)
 p - the +8 large shield of Hahofaiw (worn) {rPois rCorr Int+4}
   (You found it in an ice cave)

   It affects your intelligence (+4).
   It protects you from poison.
   It provides partial protection from all sources of acid and corrosion.
 u - a +2 helmet of intelligence (melded)
 N - a +1 naga barding of stealth (melded)
 U - the +0 pair of gloves of Seopot (melded) {Dex+3}
   (You found it in an ice cave)

   It affects your dexterity (+3).
Jewellery
 h - the ring of Quapenlu {rElec rC+ Int+4}
   (You found it on level 1 of the Lair of Beasts)

   [ring of protection from cold]

   It affects your intelligence (+4).
   It protects you from cold.
   It insulates you from electricity.
 k - the brooch of Shielding (around neck) {Reflect SH+8}
   (You bought it in a shop on level 2 of the Orcish Mines)

   [amulet of reflection]

   It shields you and reflects attacks.
   It affects your SH (+8).
 s - a +6 ring of protection
 H - an uncursed ring of protection from fire
 J - the ring "Sediklol" (right branch) {rElec rC+ rN+ rCorr}
   (You found it on level 7 of the Dungeon)

   [ring of resist corrosion]

   It protects you from cold.
   It insulates you from electricity.
   It protects you from negative energy.
   It provides partial protection from all sources of acid and corrosion.
 R - an uncursed ring of protection from cold
 X - a ring of protection from magic (left branch)
Wands
 v - a wand of polymorph (9)
 I - a wand of clouds (6)
 P - a wand of digging (8)
 S - a wand of acid (10)
 V - a wand of iceblast (22)
Scrolls
 l - a scroll of silence
 m - 7 scrolls of amnesia
 r - 13 scrolls of enchant armour
 w - a scroll of identify
 y - 4 scrolls of fog
 A - 4 scrolls of magic mapping
 L - 2 scrolls of summoning
 M - 16 scrolls of remove curse
 T - 5 scrolls of teleportation
 W - a scroll of holy word
Potions
 d - 2 potions of agility
 e - 2 potions of might
 g - 7 potions of lignification
 i - a potion of invisibility
 q - 4 potions of ambrosia
 t - 6 potions of flight
 x - 8 potions of brilliance
 z - 6 potions of mutation
 B - 4 potions of haste
 D - 2 potions of resistance
 E - 2 potions of berserk rage
 K - 2 potions of cancellation
Books
 a - a manual of Stealth
Miscellaneous
 o - a sack of spiders
 Z - a phial of floods
Comestibles
 f - 36 rations


   Skills:
 - Level 17.1(15.4) Fighting
   Level 2.1(0.9) Long Blades
 + Level 5.0(12.1) Axes
   Level 9.7(8.7) Maces & Flails
   Level 17.4(15.8) Polearms
 - Level 1.0(0.0) Throwing
 * Level 12.9(11.3) Armour
 * Level 5.8(4.5) Dodging
 + Level 14.4(12.7) Stealth
 * Level 11.4(9.9) Shields
 - Level 2.0(0.8) Spellcasting
   Level 1.0(0.0) Fire Magic
 - Level 15.1(13.5) Invocations


You had 18 spell levels left.
You knew the following spells:

 Your Spells              Type           Power        Failure   Level  Hunger
a - Statue Form           Tmut/Erth      #........    100%        6    #######

Your spell library contained the following spells:

 Spells                   Type           Power        Failure   Level  Hunger
 Apportation              Tloc           #.....       50%         1    ##.....
 Beastly Appendage        Tmut           #.....       50%         1    ##.....
 Confusing Touch          Hex            #.....       50%         1    ##.....
 Corona                   Hex            #......      50%         1    ##.....
 Flame Tongue             Conj/Fire      #....        50%         1    ##.....
 Freeze                   Ice            #...         50%         1    ##.....
 Magic Dart               Conj           #...         50%         1    ##.....
 Summon Butterflies       Summ           #.......     50%         1    ##.....
 Summon Small Mammal      Summ           #...         50%         1    ##.....
 Blink                    Tloc           N/A          63%         2    ###....
 Call Imp                 Summ           #.......     63%         2    ###....
 Passwall                 Tmut/Erth      #.......     63%         2    ###....
 Slow                     Hex            #.......     63%         2    ###....
 Throw Flame              Conj/Fire      #.....       63%         2    ###....
 Throw Frost              Conj/Ice       #.....       63%         2    ###....
 Call Canine Familiar     Summ           #.......     86%         3    ####...
 Confuse                  Hex            #.......     86%         3    ####...
 Conjure Flame            Conj/Fire      #.......     86%         3    ####...
 Gell's Gravitas          Tloc           #.........   86%         3    ####...
 Inner Flame              Hex/Fire       #.......     86%         3    ####...
 Lesser Beckoning         Tloc           #.........   86%         3    ####...
 Mephitic Cloud           Conj/Pois/Air  #.......     86%         3    ####...
 Ozocubu's Armour         Chrm/Ice       #.......     86%         3    ####...
 Portal Projectile        Hex/Tloc       #.....       86%         3    ####...
 Spider Form              Tmut/Pois      #.........   86%         3    ####...
 Static Discharge         Conj/Air       #.......     86%         3    ####...
 Summon Guardian Golem    Hex/Summ       #.......     86%         3    ####...
 Tukima's Dance           Hex            #.......     86%         3    ####...
 Cause Fear               Hex            #.........   99%         4    #####..
 Leda's Liquefaction      Hex/Erth       #.........   99%         4    #####..
 Petrify                  Tmut/Erth      #.......     99%         4    #####..
 Sticky Flame             Conj/Fire      #.......     99%         4    #####..
 Summon Ice Beast         Ice/Summ       #.......     99%         4    #####..
 Summon Lightning Spire   Summ/Air       #.......     99%         4    #####..
 Throw Icicle             Conj/Ice       #.......     99%         4    #####..
 Alistair's Intoxication  Tmut/Pois      #.......     100%        5    ######.
 Bolt of Magma            Conj/Fire/Erth #.........   100%        5    ######.
 Fireball                 Conj/Fire      #.........   100%        5    ######.
 Irradiate                Conj/Tmut      #.........   100%        5    ######.
 Lightning Bolt           Conj/Air       #.........   100%        5    ######.
 Metabolic Englaciation   Hex/Ice        #.........   100%        5    ######.
 Summon Mana Viper        Hex/Summ       #.......     100%        5    ######.
 Yara's Violent Unravell  Hex/Tmut       #.........   100%        5    ######.
 Hydra Form               Tmut           #.........   100%        6    #######
 Invisibility             Hex            #.......     100%        6    #######
 Iron Shot                Conj/Erth      #.........   100%        6    #######
 Dragon Form              Tmut           #.........   100%        7    #######
 Ring of Flames           Chrm/Fire      #.........   100%        7    #######
 Summon Hydra             Summ           #.........   100%        7    #######
 Ignition                 Fire           #.........   100%        8    #######
 Shatter                  Erth           #.........   100%        9    #######
 Tornado                  Air            #.........   100%        9    #######


Dungeon Overview and Level Annotations

Branches:
Dungeon (15/15)            Temple (1/1) D:4            Lair (6/6) D:11
 Shoals (4/4) Lair:3       Spider (4/4) Lair:3        Slime (0/5) Lair:5
    Orc (2/2) D:10            Elf (0/3) Orc:2        Vaults (4/5) D:14
  Crypt (0/3) Vaults:2     Depths (0/5) D:15          IceCv (visited)

Altars:
Ashenzari
Cheibriados
Dithmenos
Elyvilon
Fedhas
Gozag
Hepliaklqana
Kikubaaqudgha
Makhleb
Nemelex Xobeh
Okawaru
Qazlal
Ru
Sif Muna
Trog
Uskayaw
Vehumet
Wu Jian
Xom
Yredelemnul
Zin
The Shining One

Shops:
D:4 %   D:13 (   Orc:2 :?!=[   Vaults:1 *

Portals:
Hell: Lair:6

Annotations:
D:5 1 exclusion
D:12 2 transporters, corvin's ghost, journeyman DgWn
Lair:2 1 runed translucent door, Junaliek's ghost, journeyman MiFi
Lair:5 exclusion: 3 oklob plants
Vaults:2 3 runed translucent doors, crisisinutopia's ghost, adept MiFi


Innate Abilities, Weirdness & Mutations

You cannot wear boots.
((Your serpentine skin is tough. (AC +7)))
You have supernaturally acute eyesight. (SInv)
((Armour fits poorly on your strangely shaped body.))
((Your system is resistant to poisons. (rPois)))
((You cover ground very slowly.))
You have a slow metabolism.
You can spit poison.
((You can use your snake-like lower body to constrict enemies.))


Message History

It doesn't seem very happy.
The stone giant hits you but does no damage.
The stone giant hits you.
* * * LOW HITPOINT WARNING * * *
Unknown command.
As you read the scroll of fear, it crumbles to dust.
You assume a fearsome visage.
The stone giant looks frightened!
The orc knight looks frightened!
The stone giant looks frightened!
The balrug is unaffected.
The orc knight starts to cry.
Okay, then.
Unknown command.
You cannot teleport because you are held in place by your roots.
Unknown command.
Enter note: salute A red film seems to cover your vision as you go berserk!
You feel yourself moving faster!
You feel mighty! The balrug gestures at you. Makhleb smites you!
You die...

(. .o# #(. [....# .(##
#.....# #.. #.....#
.C###.....# #.C#.....#
#2♣#.....# #.C#'#.....#
.. #. #.......# ..
#+##..(....# ..
............# ..
##############...#
..#####...)#))#....#...#
...#..'....((......#...#
...#..'.(..#..#....#...#


You could see a frost giant, 2 stone giants, a balrug and an orc knight
(fleeing).

Vanquished Creatures
  Mara (Spider:4)
  Sojobo (Vaults:2)
  Arachne (Spider:4)
  Rupert (D:13)
  An Ice Fiend (IceCv)
  2 krakens
  Gastronok (Lair:2)
  2 storm dragons (Vaults:3)
  2 fire giants
  3 tengu reavers (Vaults:2)
  Roxanne (Shoals:2)
  Ilsuiw (Shoals:1)
  5 ghost moths
  3 emperor scorpions
  7 vault wardens
  A very ugly thing (Vaults:2)
  4 stone giants
  7 ironheart preservers
  2 entropy weavers (Spider:3)
  A deep elf demonologist (Vaults:4)
  2 deep elf annihilators
  3 spark wasps
  Nessos (D:13)
  2 dire elephants (Lair:6)
  Snorg (D:13)
  2 ettins
  6 merfolk javelineers
  7 merfolk impalers
  2 deep elf death magi
  Josephine (D:13)
  Harold (D:7)
  5 vault guards
  9 ogre magi
  2 fire dragons
  5 yaktaur captains
  An ice dragon (Vaults:3)
  A great orb of eyes (Vaults:2)
  Fannar (Lair:2)
  2 rakshasas
  5 hydras
  7 centaur warriors
  2 alligator snapping turtles
  3 death knights
  Erica (D:8)
  4 merfolk avatars
  27 two-headed ogres
  5 merfolk aquamancers
  5 death yaks (Lair:6)
  A small abomination (Vaults:4)
  A vampire mage (D:15)
  Urug (Lair:2)
  A soul eater (Vaults:2)
  5 deep elf knights
  A shadow wraith (Vaults:3)
  Sonja (Lair:6)
  A sixfirhy (Lair:6)
  2 glowing orange brains
  2 deep trolls (Vaults:2)
  3 skeletal warriors
  11 sea snakes
  7 ironbrand convokers
  An unseen horror (Vaults:1)
  2 phantasmal warriors
  A shadow dragon zombie (D:15)
  Pikel (D:7)
  2 deep elf archers
  24 harpies
  10 orc knights
  3 wizards
  A wolf spider zombie (D:14)
  A necromancer (D:15)
  25 orb spiders
  2 orc sorcerers (Vaults:1)
  19 deep elf magi
  41 wolf spiders
  4 fauns (Shoals:1)
  10 cyclopes
  12 merfolk sirens
  A moth of wrath (Spider:4)
  26 ugly things
  14 manticores
  A frost giant skeleton (D:15)
  8 elephants (Lair:6)
  Joseph (D:7)
  A smoke demon (Lair:6)
  4 black mambas
  6 spiny frogs
  9 water nymphs
  A torpor snail (Spider:3)
  2 gargoyles
  8 vault sentinels
  An ice statue (IceCv)
  An orange demon (Lair:6)
  2 kobold demonologists
  An elf zombie (D:15)
  4 rime drakes
  A golden dragon simulacrum (IceCv)
  5 ice devils
  10 komodo dragons
  25 yaktaurs
  10 demonic crawlers
  3 freezing wraiths
  5 anaconda simulacra (IceCv)
  2 red devils (Lair:6)
  7 trolls
  A troll (shapeshifter) (Vaults:1)
  38 jumping spiders
  23 merfolk
  2 wind drakes (shapeshifter)
  A wolf spider simulacrum (IceCv)
  5 wind drakes
  16 hornets
  20 slime creatures
  19 hippogriffs
  A stone giant simulacrum (Vaults:3)
  5 blink frogs (Lair:4)
  4 dream sheep
  A meliai zombie (D:10)
  8 snapping turtles
  25 tarantellas
  An ice dragon zombie (D:15)
  A snapping turtle (shapeshifter) (Vaults:2)
  65 redbacks
  3 shadows
  A wyvern (D:14)
  Eustachio (D:6)
  A yak (shapeshifter) (Vaults:2)
  2 dire elephant simulacra (IceCv)
  7 water elementals
  18 yaks
  11 wraiths
  2 hogs (shapeshifter)
  A death yak simulacrum (IceCv)
  4 hungry ghosts
  A human (shapeshifter) (D:13)
  A chaos spawn (D:13)
  A human simulacrum (Vaults:3)
  3 basilisks
  3 wargs
  Menkaure (D:6)
  2 vampire mosquitoes (D:13)
  2 soldier ants
  3 iron troll simulacra (IceCv)
  2 acid dragons (Vaults:2)
  Edmund (D:5)
  Duvessa (D:5)
  An acid dragon (shapeshifter) (Vaults:1)
  29 orc warriors
  4 hell hounds (Lair:6)
  11 water moccasins
  A hydra simulacrum (IceCv)
  4 porcupines
  5 sky beasts
  3 slaves (D:7)
  A black bear (D:9)
  2 ettin simulacra (IceCv)
  3 alligator simulacra (IceCv)
  7 ice beasts
  A necrophage (D:7)
  3 wolves (Lair:6)
  A boggart (Vaults:2)
  9 crocodiles
  2 phantoms
  27 centaurs
  43 ogres
  A big kobold (D:14)
  18 bullfrogs
  A gnoll sergeant (D:13)
  Dowan (D:5)
  5 scorpions
  A wyvern skeleton (D:8)
  17 killer bees
  An orc simulacrum (Vaults:1)
  An elephant simulacrum (IceCv)
  A howler monkey (D:4)
  3 bullfrog zombies
  8 crimson imps
  A quasit (D:13)
  2 jellies
  5 centaur zombies
  4 hounds
  18 orc priests
  A draconian simulacrum (IceCv)
  A gnoll shaman (D:6)
  5 bullfrog skeletons
  Jessica (D:2)
  4 centaur skeletons
  8 iguanas
  Ijyb (D:4)
  32 orc wizards
  A troll simulacrum (IceCv)
  9 worker ants
  4 hell rats (Lair:3)
  A spriggan simulacrum (IceCv)
  2 polar bear simulacra (IceCv)
  3 centaur simulacra (IceCv)
  A hound zombie (D:10)
  A mummy (D:7)
  A howler monkey zombie (D:9)
  Robin (D:4)
  9 gnolls
  2 river rats (D:5)
  23 adders
  A howler monkey skeleton (D:6)
  5 naga simulacra (IceCv)
  2 ogre simulacra (IceCv)
  A shadow imp (D:13)
  8 white imps (IceCv)
  5 ufetubi (IceCv)
  An adder skeleton (D:8)
  2 adder zombies
  3 worms
  A dart slug (D:3)
  6 leopard geckos
  92 orcs
  10 ball pythons (D:2)
  A bat (D:3)
  10 giant cockroaches
  5 hobgoblins
  9 jackals
  10 kobolds
  6 quokkas
  3 frilled lizards
  16 goblins
  2 quokka skeletons
  12 rats
  2 crawling corpses (Vaults:4)
  5 plants (Shoals:4)
  8 tentacles
1405 creatures vanquished.

Vanquished Creatures (collateral kills)
  The ghost of casual the Hoplite, a veteran MiMo of Hepliaklqana (Vaults:3)
  Saint Roka (Vaults:2)
  Louise (D:14)
  A frost giant (Vaults:2)
  2 emperor scorpions
  An ironheart preserver (Vaults:2)
  2 stone giants (Vaults:2)
  2 entropy weavers
  A deep elf annihilator (Vaults:2)
  A deep elf death mage (Vaults:4)
  2 merfolk impalers (Shoals:3)
  3 ogre magi (Orc:2)
  A yaktaur captain (Vaults:2)
  A hydra (D:11)
  A catoblepas (Lair:6)
  6 two-headed ogres
  An alligator (shapeshifter) (Vaults:3)
  An alligator snapping turtle (Shoals:3)
  2 centaur warriors
  A vampire mage (Vaults:2)
  A deep troll (Vaults:2)
  A sea snake (Shoals:3)
  A wizard (D:11)
  2 orc knights (Vaults:2)
  2 harpies (Shoals:3)
  2 ugly things
  4 wolf spiders (Spider:2)
  An orc sorcerer (Vaults:2)
  A cyclops (Vaults:1)
  4 orb spiders
  A centaur zombie (D:13)
  4 yaktaurs
  2 demonic crawlers
  An ice devil (IceCv)
  4 merfolk (Shoals:3)
  A hornet (Vaults:1)
  A jumping spider (shapeshifter) (Vaults:1)
  4 jumping spiders
  3 slime creatures (Vaults:1)
  A dream sheep (Shoals:3)
  A hippogriff (D:11)
  3 yaks (Lair:6)
  10 tarantellas
  2 wraiths (D:13)
  23 redbacks
  A hydra simulacrum (IceCv)
  11 orc warriors
  An eye of draining (D:11)
  A phantom (D:11)
  15 ogres (Orc:2)
  A big kobold (shapeshifter) (Vaults:2)
  A bullfrog (Lair:6)
  A bullfrog zombie (D:13)
  A jelly (D:11)
  5 orc priests
  4 orc wizards
  A shadow imp (D:13)
  6 orcs
  A crawling corpse (Vaults:4)
162 creatures vanquished.

Vanquished Creatures (others)
  A vault warden (Vaults:1)
  An ironheart preserver (Vaults:4)
  A satyr (Shoals:4)
  2 merfolk aquamancers (Shoals:4)
  A deep elf knight (Vaults:4)
  2 deep elf archers
  4 cyclopes
  12 yaktaurs
  A jumping spider (Spider:1)
  A sky beast (D:7)
  An ogre (Vaults:1)
  2 centaurs
  An orc wizard (Vaults:2)
  A white imp (IceCv)
  3 ufetubi (IceCv)
  An orc (Vaults:2)
  2 fungi (Lair:6)
  12 plants
  11 tentacles
  4 withered plants
64 creatures vanquished.

Grand Total: 1631 creatures vanquished

Notes
Turn   | Place    | Note
-------+----------+-------------------------------------------
     0 | D:1      | arkorax the Naga Wanderer began the quest for the Orb.
     0 | D:1      | arkorax set off with the following items: a +2 dagger, 4
                  | curare-tipped darts, a +0 falchion, a potion of curing, a
                  | +0 robe, a ration
     0 | D:1      | Reached XP level 1. HP: 18/18 MP: 3/3
   566 | D:1      | Reached XP level 2. HP: 25/25 MP: 5/5
  1310 | D:2      | Reached skill level 1 in Maces & Flails
  1310 | D:2      | Reached XP level 3. HP: 25/32 MP: 6/6
  1315 | D:2      | Found a glowing silver altar of Zin.
  1316 | D:2      | Noticed Jessica
  1394 | D:2      | Reached XP level 4. HP: 30/39 MP: 7/7
  1740 | D:2      | Reached skill level 1 in Armour
  1768 | D:2      | Killed Jessica
  1768 | D:2      | Reached XP level 5. HP: 15/46 MP: 8/8
  3126 | D:3      | Reached XP level 6. HP: 52/56 MP: 9/9
  3675 | D:4      | Found Poacy Guosoy's Food Shop.
  3758 | D:4      | Noticed Robin
  3931 | D:4      | Killed Robin
  4087 | D:4      | Reached XP level 7. HP: 60/63 MP: 10/10
  4516 | D:4      | Reached skill level 5 in Stealth
  4553 | D:4      | Noticed Ijyb
  4584 | D:4      | Killed Ijyb
  4802 | D:4      | Found a staircase to the Ecumenical Temple.
  4820 | Temple   | Entered the Ecumenical Temple
  4955 | Temple   | Became a worshipper of Makhleb the Destroyer
  5081 | D:5      | Entered Level 5 of the Dungeon
  5081 | D:5      | Found a glowing silver altar of Zin.
  5213 | D:5      | Reached XP level 8. HP: 68/73 MP: 11/11
  5244 | D:5      | Noticed Dowan
  5245 | D:5      | Noticed Duvessa
  5253 | D:5      | Killed Duvessa
  5270 | D:5      | Killed Dowan
  5277 | D:5      | Reached skill level 5 in Fighting
  5474 | D:5      | Reached skill level 5 in Maces & Flails
  5814 | D:5      | Reached * piety under Makhleb
  6109 | D:5      | Noticed Edmund
  6129 | D:5      | Killed Edmund
  6154 | D:5      | Found a shimmering blue altar of Sif Muna.
  6191 | D:5      | Reached XP level 9. HP: 82/82 MP: 12/12
  6202 | D:5      | Reached skill level 1 in Shields
  6234 | D:5      | Found a hide-covered altar of Uskayaw.
  6396 | D:5      | Got a brightly glowing robe
  6397 | D:5      | Identified the cursed +1 robe of Trog's Benevolence {rN+}
                  | (You found it on level 5 of the Dungeon)
  6515 | D:6      | Noticed a two-headed ogre
  6539 | D:6      | Killed a two-headed ogre
  6680 | D:6      | Found a sacrificial altar of Ru.
  6786 | D:6      | Noticed Eustachio
  6801 | D:6      | Killed Eustachio
  6803 | D:6      | Noticed Menkaure
  6814 | D:6      | HP: 4/85 [Menkaure (14)]
  7121 | D:6      | Found a blossoming altar of Fedhas.
  7798 | D:6      | Killed Menkaure
  8081 | D:7      | Got an encrusted dagger
  8082 | D:7      | Identified the cursed +0 dagger "Impbane" {freeze, rN+
                  | Str+3 Int+4} (You found it on level 7 of the Dungeon)
  8139 | D:7      | Found a snail-covered altar of Cheibriados.
  8224 | D:7      | Noticed Harold
  8259 | D:7      | Killed Harold
  8259 | D:7      | Reached XP level 10. HP: 43/96 MP: 13/13
  8526 | D:7      | Got a heavily runed jade ring
  8650 | D:7      | Found an ornate altar of the Wu Jian Council.
  8833 | D:7      | Noticed Pikel
  8871 | D:7      | Killed Pikel
  8894 | D:7      | Noticed Joseph
  8935 | D:7      | Killed Joseph
  9007 | D:7      | Found a sparkling altar of Nemelex Xobeh.
  9007 | D:7      | Found an opulent altar of Gozag.
  9192 | D:8      | Reached ** piety under Makhleb
  9422 | D:8      | Noticed Erica
  9437 | D:8      | Killed Erica
  9484 | D:8      | Reached skill level 10 in Stealth
  9534 | D:8      | Reached XP level 11. HP: 102/104 MP: 14/14
  9566 | D:8      | Found a basalt altar of Yredelemnul.
  9568 | D:8      | Noticed a profane servitor
  9698 | D:8      | Reached skill level 5 in Armour
  9767 | D:8      | Found a radiant altar of Vehumet.
  9817 | D:8      | Found a glowing golden altar of the Shining One.
  9819 | D:8      | Noticed an angel
  9930 | D:9      | Reached skill level 1 in Invocations
 10027 | D:9      | Reached *** piety under Makhleb
 10129 | D:9      | Noticed a two-headed ogre
 10140 | D:9      | Killed a two-headed ogre
 10474 | D:9      | Found the +5 scythe "Finisher" {speed, eviscerate}
 10543 | D:9      | Found a hazy altar of Hepliaklqana.
 10695 | D:10     | Entered Level 10 of the Dungeon
 10713 | D:10     | Reached skill level 1 in Polearms
 11052 | D:10     | Reached skill level 10 in Fighting
 11162 | D:10     | Reached **** piety under Makhleb
 11572 | D:10     | Identified the ring "Sediklol" {rElec rC+ rN+ rCorr} (You
                  | found it on level 7 of the Dungeon)
 11607 | D:10     | Found a staircase to the Orcish Mines.
 11745 | D:10     | Found a glowing golden altar of the Shining One.
 11868 | D:11     | Paralysed by fainting for 5 turns
 11987 | D:11     | Noticed a centaur warrior
 12014 | D:11     | Killed a centaur warrior
 12014 | D:11     | Reached XP level 12. HP: 79/117 MP: 15/15
 12189 | D:11     | Found a staircase to the Lair.
 12210 | D:11     | Found a glowing silver altar of Zin.
 12289 | D:11     | Noticed a six-headed hydra
 12339 | D:11     | Killed a six-headed hydra
 12620 | D:11     | Noticed a six-headed hydra
 12631 | D:11     | Killed a six-headed hydra
 12929 | Lair:1   | Entered Level 1 of the Lair of Beasts
 12938 | Lair:1   | Reached skill level 5 in Polearms
 13074 | Lair:1   | Got a twitching granite ring
 13084 | Lair:1   | Identified the ring of Quapenlu {rElec rC+ Int+4} (You
                  | found it on level 1 of the Lair of Beasts)
 13814 | Lair:2   | Noticed Gastronok
 13815 | Lair:2   | Noticed Fannar
 13900 | Lair:2   | Killed Gastronok
 13900 | Lair:2   | Reached skill level 5 in Invocations
 13941 | Lair:2   | Noticed Urug
 13974 | Lair:2   | Killed Urug
 14113 | Lair:2   | Found a runed translucent door.
 14115 | Lair:2   | Noticed Junaliek's ghost (journeyman MiFi)
 14329 | Lair:2   | Killed Fannar
 15017 | Lair:3   | Found a staircase to the Shoals.
 15549 | Lair:3   | Found a hole to the Spider Nest.
 15564 | Lair:3   | Gained mutation: You can use your snake-like lower body to
                  | constrict enemies. [Naga growth]
 15564 | Lair:3   | Reached XP level 13. HP: 128/128 MP: 17/17
 16477 | Lair:4   | Found a dark tunnel.
 16917 | Lair:5   | Reached ***** piety under Makhleb
 17333 | Lair:5   | Found a staircase to the Slime Pits.
 17909 | Lair:5   | Found an iron altar of Okawaru.
 18134 | Lair:6   | Entered Level 6 of the Lair of Beasts
 18273 | Lair:6   | Noticed Sonja
 18284 | Lair:6   | Killed Sonja
 18542 | Lair:6   | Noticed a dire elephant
 18563 | Lair:6   | Killed a dire elephant
 18606 | Lair:6   | Reached XP level 14. HP: 52/141 MP: 19/19
 19079 | Lair:6   | Identified the +5 lajatang of Abriru {speed, +Inv rC+} (You
                  | found it on level 6 of the Lair of Beasts)
 19618 | Lair:6   | Reached skill level 10 in Polearms
 19667 | Lair:6   | Noticed a dire elephant
 19695 | Lair:6   | Killed a dire elephant
 19865 | Lair:6   | Found a burning altar of Makhleb.
 19882 | Lair:6   | Found a gateway to Hell.
 20353 | D:12     | Found a transporter.
 20355 | D:12     | Found a transporter.
 20443 | D:12     | Noticed corvin's ghost (journeyman DgWn)
 20466 | D:12     | Identified the +7 short sword of Hinemof {antimagic, rN+}
 20696 | D:13     | Noticed Snorg
 20701 | D:13     | Killed Snorg
 20702 | D:13     | Found Dyranaciwn's Antique Weapon Shoppe.
 20707 | D:13     | Noticed Nessos
 20713 | D:13     | Killed Nessos
 21359 | D:13     | Noticed Josephine
 21375 | D:13     | Killed Josephine
 21375 | D:13     | Reached ****** piety under Makhleb
 21583 | D:13     | Noticed Rupert
 21591 | D:13     | Killed Rupert
 21660 | D:14     | Reached XP level 15. HP: 135/152 MP: 21/21
 21920 | D:14     | Found an opulent altar of Gozag.
 22037 | D:14     | Found a radiant altar of Vehumet.
 22256 | D:14     | Found a gate to the Vaults.
 22376 | D:14     | Noticed Louise
 22394 | D:14     | Killed Louise
 22590 | D:15     | Entered Level 15 of the Dungeon
 22601 | D:15     | Reached skill level 10 in Invocations
 23652 | D:15     | Found a staircase to the Depths.
 24159 | Orc:1    | Entered Level 1 of the Orcish Mines
 24274 | Orc:2    | Entered Level 2 of the Orcish Mines
 24554 | Orc:2    | Found Cojin's Magic Scroll Emporium.
 24554 | Orc:2    | Found Buxa Oqastre's Distillery.
 24564 | Orc:2    | Reached XP level 16. HP: 160/160 MP: 24/24
 24574 | Orc:2    | Found Ysoade's Jewellery Shop.
 24574 | Orc:2    | Found Bopap's Antique Armour Shoppe.
 24608 | Orc:2    | HP: 6/160 [ogre/+0 giant club (14)]
 24962 | Orc:2    | Bought an ancient plate armour for 784 gold pieces
 24962 | Orc:2    | Identified the +7 plate armour of Fun {+Inv rF++ Dex-5
                  | SInv} (You bought it in a shop on level 2 of the Orcish
                  | Mines)
 25074 | Orc:2    | Found Usergh's Book Shoppe.
 25151 | Orc:2    | Found a staircase to the Elven Halls.
 25754 | Spider:1 | Entered Level 1 of the Spider Nest
 25817 | Spider:1 | Found a frozen archway.
 25849 | IceCv    | Entered an ice cave
 26150 | IceCv    | Got a transparent large shield
 27475 | IceCv    | Noticed an Ice Fiend
 27489 | IceCv    | Killed an Ice Fiend
 27554 | IceCv    | Got a pair of encrusted gloves
 27560 | IceCv    | Identified the cursed +0 pair of gloves of Seopot {Dex+3}
                  | (You found it in an ice cave)
 27560 | IceCv    | Identified the Collected Works on Icy Flames
 27565 | IceCv    | Got an ichor-stained scale mail
 27675 | Spider:1 | Identified the +8 large shield of Hahofaiw {rPois rCorr
                  | Int+4} (You found it in an ice cave)
 28266 | Spider:1 | You fall into a shaft and drop 1 floor!
 29512 | Spider:1 | Identified the +4 scale mail of Sif Muna's Pride {rPois
                  | rCorr Dex-3 Slay+2} (You found it in an ice cave)
 29676 | Spider:2 | Reached skill level 15 in Polearms
 29679 | Spider:2 | Reached XP level 17. HP: 106/168 MP: 1/26
 30618 | Spider:3 | Identified a scroll of acquirement
 30747 | Spider:3 | Reached skill level 15 in Fighting
 32005 | Spider:4 | Entered Level 4 of the Spider Nest
 32040 | Spider:4 | Noticed Arachne
 32088 | Spider:4 | Noticed Mara
 32277 | Spider:4 | Noticed arkorax's illusion
 32280 | Spider:4 | Killed Mara
 32356 | Spider:4 | Killed Arachne
 32700 | Spider:4 | Reached skill level 10 in Armour
 33494 | Spider:4 | Reached XP level 18. HP: 178/178 MP: 27/27
 34966 | Spider:4 | Paralysed by a hornet for 3 turns
 35101 | Spider:4 | Got a gossamer rune of Zot
 35490 | Shoals:1 | Entered Level 1 of the Shoals
 36181 | Shoals:2 | Noticed Ilsuiw
 36197 | Shoals:1 | Killed Ilsuiw
 36355 | Shoals:2 | Identified Roxanne's Reference Book on Changing
 36355 | Shoals:2 | Noticed Roxanne
 36362 | Shoals:2 | Killed Roxanne
 36380 | Shoals:2 | Learned a level 6 spell: Statue Form
 36705 | Shoals:2 | Found a sacrificial altar of Ru.
 37885 | Shoals:3 | Identified the cursed +0 chain mail of Tysucs {Stlth+} (You
                  | found it on level 3 of the Shoals)
 38118 | Shoals:3 | Reached skill level 5 in Shields
 38345 | Shoals:3 | Reached XP level 19. HP: 157/188 MP: 29/29
 38581 | Shoals:4 | Entered Level 4 of the Shoals
 38874 | Orc:2    | Bought a scroll of teleportation for 54 gold pieces
 38874 | Orc:2    | Bought a scroll of enchant armour for 135 gold pieces
 38874 | Orc:2    | Bought a scroll of enchant armour for 135 gold pieces
 38874 | Orc:2    | Bought a scroll of teleportation for 54 gold pieces
 38874 | Orc:2    | Bought a scroll of enchant weapon for 135 gold pieces
 40161 | Shoals:4 | Got a barnacled rune of Zot
 40611 | Vaults:1 | Entered Level 1 of the Vaults
 41486 | Vaults:1 | Found Lonauzer's General Store.
 41508 | Vaults:1 | Reached skill level 15 in Invocations
 41514 | Vaults:1 | Bought a scroll of teleportation for 42 gold pieces
 41719 | Vaults:1 | Reached XP level 20. HP: 199/199 MP: 31/31
 42908 | Vaults:2 | Found a runed translucent gate.
 42908 | Vaults:2 | Identified the +7 eveningstar "Motapp" {crush, *Drain rPois
                  | rF- rN++}
 42908 | Vaults:2 | Identified the ring "Queleimu" {rPois rC++ rN+}
 42909 | Vaults:2 | Found a runed translucent gate.
 42909 | Vaults:2 | Found a runed translucent gate.
 42910 | Vaults:2 | Noticed crisisinutopia's ghost (adept MiFi)
 42911 | Vaults:2 | Found an iron altar of Okawaru.
 42982 | Vaults:2 | Noticed Saint Roka
 43012 | Vaults:2 | Killed Saint Roka
 43412 | Vaults:2 | Found a staircase to the Crypt.
 43665 | Vaults:2 | Reached skill level 10 in Shields
 43667 | Vaults:2 | Reached skill level 1 in Axes
 44050 | Vaults:2 | Noticed Sojobo
 44476 | Vaults:2 | Killed Sojobo
 44915 | Vaults:3 | Reached XP level 21. HP: 208/208 MP: 32/32
 45126 | Vaults:3 | Found a runed translucent door.
 45126 | Vaults:3 | Noticed casual's ghost (veteran MiMo)
 45771 | Orc:2    | Bought the brooch of Shielding {Reflect SH+8} for 1913 gold
                  | pieces
 45771 | Orc:2    | Found the brooch of Shielding {Reflect SH+8}
 46103 | Vaults:3 | Reached skill level 5 in Dodging
 47058 | Vaults:3 | Killed casual's ghost
 47171 | Vaults:4 | Reached skill level 5 in Axes
 47694 | Vaults:4 | HP: 4/208 [stone giant (20)]
 47701 | Vaults:4 | HP: 4/312 [stone giant (4)]
 47703 | Vaults:4 | salute
 47703 | Vaults:4 | Killed from afar by a balrug

Levels and vault maps discovered:
D:1:      dpeg_arrival_boxes_within_box, layout_basic, minivault_5,
          nrook_campfire
D:2:      layout_rooms, nicolae_overflow_crystal_walls, minmay_snake_closets,
          uniq_jessica
D:3:      layout_basic, first_ration, serial_park_tiny_1
D:4:      layout_rooms, minmay_temple_entry_proselytizer, serial_shops,
          nicolae_shop_waterfront, lightli_ossuary_entry_decrepit_ruins,
          uniq_robin, uniq_ijyb
D:5:      cheibrodos_two_vegetables, layout_basic, led_sif_book,
          lemuel_doored_altar, lightli_sewer_entry_pipes, basic_altar,
          uniq_duvessa, uniq_edmund
D:6:      layout_basic, kennysheep_little_box, nicolae_ru_awakened_eye,
          uniq_eustachio, uniq_menkaure
D:7:      layout_basic, grunt_temple_overflow_opulence, slow_altar_1,
          kennysheep_mini, uniq_joseph, uniq_harold, uniq_pikel
D:8:      kennysheep_blocky_hall, layout_rooms, grunt_temple_overflow_holy_war,
          lemuel_coloured_pillars_altar, grunt_ogre_cave, uniq_erica
D:9:      layout_basic, kennysheep_mini_moat, serial_glass, glass_columns_a,
          glass_columns_c, minmay_guarded_unrand_finisher
D:10:     layout_roguey, david_orc_4, nicolae_tso_swordbearing_angel
D:11:     layout_rooms, lair_entry_dummy, basic_altar
D:12:     layout_big_octagon, gammafunk_ghost_hive, grunt_ministairs_10,
          kennysheep_generic_room_4
D:13:     kennysheep_demon_hangout, layout_grid_maze, serial_shops, shop,
          uniq_josephine, uniq_rupert, uniq_nessos, uniq_snorg
D:14:     layout_loops_corners, lightli_vaults_fourway_checkpoint,
          nicolae_gozag_cash_rules_everything_around_me, basic_altar,
          uniq_louise
D:15:     gammafunk_depths_entry_grave, layout_cave_pools,
          chequers_serial_rivers_room_b, minmay_misc_feat_four_crosses
Temple:   nicolae_temple_figure_zero
Lair:1:   layout_gridlike
Lair:2:   layout_cave_pods, ebering_ghost_inner_flame, serial_bayou_crossing,
          grunt_megastairs_2, uniq_fannar, uniq_gastronok, uniq_urug
Lair:3:   layout_cave_pods, minmay_shoals_entry_centaurs,
          nicolae_spider_entry_orb_guardian
Lair:4:   layout_regular_city, enter_volcano_2
Lair:5:   layout_cave_pods, minmay_slime_entry_oklob_open,
          grunt_forest_stairs_basic, serial_bayou_pond_b, lemuel_centaur_altar
Lair:6:   evil_forest, layout_hall_layers, pond, uniq_sonja
Shoals:1: layout_shoals
Shoals:2: layout_shoals, lemuel_altar_in_water, uniq_roxanne, uniq_ilsuiw
Shoals:3: layout_shoals, nicolae_shoals_seven_spires
Shoals:4: shoals_end_simple, layout_shoals
Spider:1: layout_spider_delve, portal_ice_cave_entry_pillars_four, drop_trap,
          lemuel_hornet_nest
Spider:2: layout_spider_delve
Spider:3: layout_chambers, spiders_nest_hornet_nest
Spider:4: spider_rune_water, uniq_arachne, uniq_mara
Orc:1:    layout_caves, serial_shops, nicolae_shop_statue_plus
Orc:2:    st_orc_ogre_mass, layout_diamond_mine, serial_shops, shop
Vaults:1: nicolae_vaults_mini_display_case, vaults_dpeg_spiral, v_misc_18,
          v_alt_pattern_2, nicolae_vaults_network_periphery, vaults_mumra_hex,
          vaults_standard_mumra_enter_the_diamond, grunt_vaults_hallway_short,
          layout_vaults_ring, serial_shops, shop_statue
Vaults:2: gammafunk_vaults_ghost_fury_of_okawaru, hangedman_vaults_locks,
          v_misc_8, vaults_room_hallway, minmay_crypt_entry_simple_statues,
          nicolae_vaults_network_quinsquares
          [nicolae_vaults_network_quincunx_subvault,
          nicolae_vaults_network_quincunx_subvault,
          nicolae_vaults_network_quincunx_subvault,
          nicolae_vaults_network_quincunx_subvault], vaults_room_fours,
          dpeg_vaults_waves, v_misc_30, v_pattern_5,
          nicolae_vaults_network_star, layout_vaults_omnibox, uniq_saint_roka,
          uniq_sojobo
Vaults:3: gammafunk_vaults_ghost_grave, hangedman_vaults_stagger,
          grunt_vaults_trifunnel, st_hourglassy, hangedman_vaults_stream,
          vaults_dpeg_ring, v_pattern_2, layout_vaults_omnigrid
Vaults:4: ontoclasm_vaults_tryst, nicolae_vaults_little_ls,
          nicolae_vaults_circle_grid_a, v_rooms_2, v_misc_14,
          vaults_mumra_minichess, nicolae_vaults_angled_halls,
          ontoclasm_vaults_bender, hangedman_vaults_restitches,
          ontoclasm_vaults_twist, v_misc_1, nicolae_vaults_three_branches,
          layout_vaults_chaotic_city

Skill      XL: |  1  2  3  4  5  6  7  8  9 10 11 12 13 14 15 16 17 18 19 20 21 |
---------------+----------------------------------------------------------------+-----
Stealth        | 2 3 4 5 6 8 10 12 14 | 14.4
Fighting       | 2 3 4 5 7 8 10 11 13 14 15 16 17 | 17.1
Maces & Flails | 1 2 3 4 5 7 8 9 |  9.7
Armour         | 1 2 3 4 5 6 7 8 9 10 11 12 | 12.9
Shields        | 4 5 8 10 11 | 11.4
Invocations    | 3 5 7 9 10 12 13 14 15 | 15.1
Polearms       | 3 7 9 11 13 15 16 17 | 17.4
Dodging        | 4 5 |  5.8
Axes           | 3 5 |  5.0
Long Blades    | |  2.1
Throwing       | |  1.0
Spellcasting   | |  2.0
Fire Magic     | |  1.0

Action                   |  1- 3 |  4- 6 |  7- 9 | 10-12 | 13-15 | 16-18 | 19-21 || total
-------------------------+-------+-------+-------+-------+-------+-------+-------++-------
Melee: Dagger            |    15 |       |     2 |       |       |       |       ||    17
       Whip              |    39 |   213 |   365 |  1033 |   540 |       |       ||  2190
       Constrict         |       |       |       |       |   147 |   216 |   222 ||   585
       Demon trident     |       |       |       |       |   208 |    82 |  1351 ||  1641
       Scythe            |       |       |       |       |   501 |  1396 |       ||  1897
       Broad axe         |       |       |       |       |       |       |   575 ||   575
Throw: Dart              |     1 |    12 |    30 |     3 |       |       |       ||    46
       Throwing net      |       |       |       |     3 |     1 |     2 |       ||     6
Invok: Lesser Servant of |       |       |       |    10 |    19 |     3 |     3 ||    35
       Greater Servant o |       |       |       |       |     1 |    23 |    17 ||    41
       Major Destruction |       |       |       |       |       |     1 |       ||     1
 Abil: Spit Poison       |     3 |    21 |    23 |     4 |       |       |       ||    51
Evoke: Wand              |       |       |    16 |     1 |    10 |    15 |     1 ||    43
       Phial of floods   |       |       |       |     1 |     1 |     2 |       ||     4
  Use: Potion            |     1 |       |     2 |     4 |     7 |    10 |     8 ||    32
       Scroll            |     1 |     1 |    10 |    14 |    14 |    19 |    11 ||    70
 Stab: Sleeping          |       |     7 |     7 |    23 |    24 |     5 |     9 ||    75
       Paralysed         |       |       |     2 |     5 |       |       |       ||     7
       Distracted        |       |       |     1 |     3 |     9 |     5 |    12 ||    30
       Held in net/web   |       |       |       |     1 |       |     1 |       ||     2
       Invisible         |       |       |       |       |     6 |       |       ||     6
       Confused          |       |       |       |       |       |     1 |       ||     1
  Eat: Chunk             |     1 |     8 |     9 |    15 |    12 |     9 |     4 ||    58
       Ration            |       |       |     1 |     3 |     5 |     8 |     8 ||    25
Armor: Robe              |     7 |    24 |       |       |       |       |       ||    31
       Scale mail        |       |    73 |    57 |       |       |       |       ||   130
       Ring mail         |       |       |   155 |   432 |   763 |    15 |       ||  1365
       Plate armour      |       |       |       |       |       |  1978 |   765 ||  2743
       Skin              |       |       |       |       |       |       |     2 ||     2
Dodge: Dodged            |    32 |   105 |   144 |   262 |   500 |   259 |    72 ||  1374
Block: Buckler           |       |       |    33 |   296 |   273 |       |       ||   602
       Reflection        |       |       |       |     6 |    20 |    10 |   171 ||   207
       Other             |       |       |       |       |    69 |   191 |       ||   260
       Large shield      |       |       |       |       |       |   123 |  1877 ||  2000
